 Dungeon Crawl Stone Soup version 0.30-a0-567-gf7fd966b4a (webtiles) character file.

Game seed: 14212030150102560596

3894 kae the Transmogrifier (level 10, -2/82 (85) HPs)
             Began as a Black Draconian Transmuter on Dec 27, 2022.
             Was an Initiate of Ru.
             Killed from afar by an orc wizard (16 damage)
             ... with a puff of flame
             ... on level 9 of the Dungeon on Dec 28, 2022.
             The game lasted 00:09:36 (7780 turns).

kae the Transmogrifier (Black Draconian Transmuter) Turns: 7780, Time: 00:09:37

HP:   -2/82 (85)    AC:  8    Str: 18    XL:     10   Next: 0%
MP:   13/18         EV: 10    Int: 18    God:    Ru [......]
Gold: 478           SH:  0    Dex: 12    Spells: 10/20 levels left

rFire   x . .      SeeInvis .      - Unarmed
rCold   + + +      Faith    .    (shield currently unavailable)
rNeg    . . .      Spirit   .    (body armour unavailable)
rPois   +          Reflect  .    (helmet currently unavailable)
rElec   .          Harm     .    (cloak currently unavailable)
rCorr   .          Rampage  .    (gloves currently unavailable)
Will    +....                    (boots currently unavailable)
Stlth   +                        g - amulet of regeneration
HPRegen 1.13/turn                S - +6 ring of strength
MPRegen 0.16/turn                o - ring of willpower

@: ice-form, wereblooded, lightly drained
A: freezing attack, amphibious, boosted hp, (breathe lightning), AC +7, large,
unfitting armour, (electricity resistance), (cold-blooded)
a: End Transformation, Renounce Religion, Sacrifice Courage, Sacrifice
Nimbleness, Sacrifice Essence, Reject Sacrifices


You were on level 9 of the Dungeon.
You worshipped Ru.
Ru was noncommittal.
You were a creature of crystalline ice.
You visited 2 branches of the dungeon, and saw 10 of its levels.

You collected 478 gold pieces.


Innate Abilities, Weirdness & Mutations

You are a creature of crystalline ice.
You have a powerful freezing melee attack.
You are amphibious.
Your maximum health is increased.
Your armour is entirely melded.
You are incapable of wielding weapons or throwing items.
((You can breathe wild blasts of lightning.))
((Your glossy black scales are hard. (AC +7)))
You cannot fit into any form of body armour.
((You are resistant to electric shocks. (rElec)))
((You are cold-blooded and may be slowed by cold attacks.))


   Skills:
 - Level 1.1 Fighting
 - Level 1.7 Dodging
 + Level 6.9 Unarmed Combat
 + Level 5.9 Spellcasting
 * Level 9.0 Transmutations
 - Level 7.0 Ice Magic
 - Level 1.6 Poison Magic


You had 10 spell levels left.
You knew the following spells:

 Your Spells              Type           Power      Damage    Failure   Level
a - Beastly Appendage     Tmut           76%        N/A       1%          1
b - Wereblood             Tmut           38%        N/A       1%          2
c - Spider Form           Tmut/Pois      24%        N/A       4%          3
d - Ice Form              Ice/Tmut       34%        N/A       4%          4

Your spell library contained the following spells:

 Spells                   Type           Power      Damage    Failure   Level
 Ozocubu's Armour         Ice            30%        N/A       1%          3
 Hailstorm                Conj/Ice       18%        3d6       9%          3
 Magic Dart               Conj           20%        1d4       12%         1
 Summon Small Mammal      Summ           20%        N/A       12%         1
 Call Imp                 Summ           5%         N/A       19%         2
 Mephitic Cloud           Conj/Pois/Air  7%         N/A       28%         3
 Call Canine Familiar     Summ           5%         N/A       36%         3
 Summon Guardian Golem    Hex/Summ       5%         N/A       36%         3
 Metabolic Englaciation   Hex/Ice        9%         N/A       61%         5
 Fireball                 Conj/Fire      2%         3d4       98%         5
 Iskenderun's Battlesphe  Conj           5%         2d6       98%         5
 Simulacrum               Ice/Necr       9%         N/A       99%         6
 Conjure Ball Lightning   Conj/Air       2%         3x3d7     100%        6
 Orb of Destruction       Conj           2%         9d5       100%        7

Inventory:

Missiles
 b - 59 stones
 q - 13 boomerangs
 w - 7 poisoned darts
 x - a curare-tipped dart {=f}
Armour
 j - a +1 cloak (melded)
   (You took it off Crazy Yiuf on level 3 of the Dungeon)
Jewellery
 g - an amulet of regeneration (around neck)
   (You found it on level 2 of the Dungeon)
 o - a ring of willpower (right front paw)
   (You found it on level 4 of the Dungeon)
 S - a +6 ring of strength (left front paw)
   (You took it off a gnoll on level 4 of the Dungeon)
Wands
 c - a wand of light (21)
   (You took it off Crazy Yiuf on level 3 of the Dungeon)
 d - a wand of digging (11)
   (You took it off Sigmund on level 2 of the Dungeon)
 v - a wand of iceblast (6)
   (You found it on level 8 of the Dungeon)
Scrolls
 m - 4 scrolls of teleportation {@r4}
 p - 3 scrolls of vulnerability {!r!r}
 s - a scroll of silence {!r}
Potions
 a - 7 potions of lignification {!q}
 e - 3 potions of heal wounds {@q2}
 f - 2 potions of ambrosia
 h - a potion of brilliance
 i - a potion of degeneration {!q}
 k - 2 potions of flight
 l - a potion of invisibility
 n - a potion of haste {@q3}
 r - 2 potions of attraction {!q}
 t - 2 potions of curing {@q1}
 u - a potion of magic
 z - 2 potions of resistance {unknown}

Dungeon Overview and Level Annotations

Branches:
Dungeon (9/15) Zot: 26722  Temple (1/1) D:7 Zot: 5773
   Lair: D:8-11         Orc: D:9-12

Altars:
Ashenzari
Dithmenos
Elyvilon
Fedhas
Kikubaaqudgha
Makhleb
Nemelex Xobeh
Okawaru
Qazlal
Ru
Sif Muna
Trog
Uskayaw
Vehumet
Wu Jian
Xom
Yredelemnul
The Shining One

Annotations:
D:4 2 transporters

#.#.....###....###.#.#
#.#.....#..........#.#
#.#.....#.#........#.#
#.#.....#.#....#...#.#
#.#.....#........<...#
#...##.####...########
##########.##....)...........
###.....).oYY##################
...........zYYoYKK.#
.###.#############.# Y. # ###
... ... .# ... ... ... ... ###


You could see 4 yaks, a wight, an orc wizard, an orc and 2 kobolds.


Message History

You regained 2 hp, and now have 48/76 hp.
The yak bellows!
You punch the yak! You freeze the yak. The yak gores you! 😮 HP[-7]
You take 7 damage, and now have 41/76 hp.
You punch the yak! You freeze the yak.
You feel a bit better.
You kill the yak!
Your primal bloodlust is almost over.
The kobold brigand hits you but does no damage.
The wight hits you but does no damage.
Your Transmutations skill increases to level 9! 😮 HP[+4] MP[+1]
You regained 4 hp, and now have 45/76 hp.
You closely miss the kobold brigand.
You howl as the wereblood boils in your veins!
The wight barely misses you.
The kobold brigand completely misses you. 😮 HP[+1]
You hit the kobold brigand. You freeze the kobold brigand.
The kobold brigand hits you but does no damage.
The wight hits you from afar with a +4 trident of freezing!
You feel drained.
A wight comes into view. It is wielding a +2 hand axe.
The wight hits you from afar with a +4 trident of freezing.
* * * LOW HITPOINT WARNING * * *
You feel drained.
A kobold comes into view. It is wielding a +0 whip.
The kobold brigand hits you with a +0 short sword.
* * * LOW HITPOINT WARNING * * *
😨 HP[-16]
You now have 73 max hp (-3).
You take 16 damage, and now have 30/73 hp.
MASSIVE DAMAGE!! (PAUSE)
You howl as the wereblood boils in your veins!
The kobold throws a stone.
The stone closely misses you. 😨 HP[+2]
You regained 2 hp, and now have 32/73 hp.
You punch the kobold brigand! You freeze the kobold brigand.
You feel a bit better.
You kill the kobold brigand!
A kobold comes into view. It is wielding a +0 club.
The wight closely misses you.
The kobold hits you but does no damage. 😨 HP[+4]
You now have 74 max hp (+1).
You regained 4 hp, and now have 36/74 hp.
The kobold attacks as you move away! The kobold hits you but does no damage.
Your primal bloodlust has ended.
The wight hits you with a +4 trident of freezing.
* * * LOW HITPOINT WARNING * * *
You feel drained.
* * * LOW HITPOINT WARNING * * *
Things that are here:
a +0 short sword; a curare-tipped dart {=f} 😨 HP[-1] MP[+1]
You now have 73 max hp (-1).
You hit the wight. The kobold hits you with a +0 whip.
* * * LOW HITPOINT WARNING * * *
The wight hits you with a +4 trident of freezing!
* * * LOW HITPOINT WARNING * * *
😨 HP[-9]
You take 9 damage, and now have 26/73 hp.
You completely miss the wight. The kobold hits you but does no damage.
The wight closely misses you.
A kobold comes into view. It is wielding a +0 short sword.
The wight hits you with a +4 trident of freezing!
* * * LOW HITPOINT WARNING * * *
The kobold hits you but does no damage. 😨 HP[-6]
You take 6 damage, and now have 20/73 hp.
You punch the wight!
You destroy the wight!
You feel yourself speed up. The kobold hits you but does no damage.
You have reached level 10! 😨 HP[+3]
You now have 82 max hp (+9).
You regained 3 hp, and now have 23/82 hp.
You pummel the kobold!! You freeze the kobold.
You kill the kobold!
Something hits you.
* * * LOW HITPOINT WARNING * * *
😨 HP[-1]
You take 1 damage, and now have 22/82 hp.
You barely miss the kobold.
An orc wizard appears from thin air!
Reactivating autopickup.
The orc wizard gestures at you while chanting.
The puff of flame hits you! The fire burns you terribly!
* * * LOW HITPOINT WARNING * * *
The kobold hits you but does no damage. 😱 HP[-8] MP[+1]
You take 8 damage, and now have 14/82 hp.
Casting: Wereblood (safe; 1% risk of failure)
Confirm with . or Enter, or press ? or * to list all spells.
Your blood is infused with primal strength.
The orc wizard hits you but does no damage.
The kobold hits you with a +0 club.
* * * LOW HITPOINT WARNING * * *
The orc wizard casts a spell at you. The puff of flame hits you!
The fire burns you terribly!
You die...

Skill      XL: |  1  2  3  4  5  6  7  8  9 |
---------------+----------------------------+-----
Transmutations | 4 5 6 7 9 |  9.0
Spellcasting   | 3 4 5 |  5.9
Poison Magic   | 1 |  1.6
Unarmed Combat | 4 5 6 |  6.9
Ice Magic      | 3 5 7 |  7.0
Fighting       | |  1.1
Dodging        | |  1.7

Action                   |  1- 3 |  4- 6 |  7- 9 | 10-12 || total
-------------------------+-------+-------+-------+-------++-------
Melee: Unarmed           |    79 |   134 |   320 |     2 ||   535
       Headbutt          |     9 |     5 |       |       ||    14
       Kick              |    12 |     8 |       |       ||    20
       Tailslap          |     6 |     5 |    11 |       ||    22
       Punch             |       |     1 |     1 |       ||     2
 Cast: Beastly Appendage |    13 |    13 |     1 |       ||    27
       Spider Form       |     1 |    15 |    11 |       ||    27
       Ice Form          |       |     2 |    23 |       ||    25
       Wereblood         |       |     1 |     5 |     1 ||     7
  Use: Scroll            |     3 |     6 |    11 |       ||    20
Armor: Skin              |    33 |    21 |    92 |     2 ||   148
Dodge: Dodged            |    49 |    95 |   192 |       ||   336

Levels and vault maps discovered:
D:1:      wander_arrival_desolate, layout_basic
D:2:      layout_rooms, basic_altar, corner_web_ring, st_stairs_4, uniq_sigmund,
          uniq_jessica
D:3:      layout_rooms, lemuel_coloured_pillars_altar,
          nicolae_ecumenical_snake_handling, uniq_crazy_yiuf_cottage
D:4:      gammafunk_cloud_chamber, layout_basic, minmay_goblin_kobold_house,
          uniq_edmund
D:5:      layout_loops_corners, kiku_gazebo_garden_becter,
          mainiacjoe_overflow_24_doors, nemelex_diamond_rough_becter,
          ebering_dispersal_statue_hall, minmay_gold_behind_fungi
D:6:      layout_cave_pools, fedhas_altar_fruit_tree, serial_glass,
          glass_columns_b, glass_columns_b
D:7:      layout_gridville, minmay_temple_entry_arrows,
          dreamdust_princess_corridor
D:8:      layout_rooms, ashenzari_altar_1, uniq_grum
D:9:      layout_basic, nicolae_overflow_two_pavilions, grunt_decor_one_mirror
Temple:   minmay_temple_bridge_abc

Notes
Turn   | Place    | Note
-------+----------+-------------------------------------------
     0 | D:1      | kae the Draconian Transmuter began the quest for the Orb.
     0 | D:1      | Reached XP level 1. HP: 16/16 MP: 3/3
     0 | D:1      | magus.rc [v1.11.3]
   146 | D:1      | Reached XP level 2. HP: 18/23 MP: 3/5
   375 | D:1      | Reached XP level 3. HP: 26/28 MP: 4/6
   378 | D:1      | Learned a level 2 spell: Wereblood
   382 | D:1      | Learned a level 3 spell: Spider Form
   646 | D:1      | Reached skill level 3 in Transmutations
   891 | D:2      | Noticed Sigmund
   915 | D:2      | Killed Sigmund
   916 | D:2      | Reached skill level 3 in Spellcasting
   916 | D:2      | Reached skill level 4 in Transmutations
   916 | D:2      | Reached skill level 1 in Poison Magic
   916 | D:2      | Reached XP level 4. HP: 32/35 MP: 4/8
   916 | D:2      | Reached XP level 5. HP: 37/40 MP: 4/9
   999 | D:2      | Learned a level 4 spell: Ice Form
  1001 | D:2      | Noticed Jessica
  1030 | D:2      | Killed Jessica
  1031 | D:2      | Reached skill level 4 in Unarmed Combat
  1325 | D:2      | Found an ornate altar of the Wu Jian Council.
  1760 | D:3      | Reached XP level 6. HP: 43/47 MP: 7/10
  1829 | D:3      | Found a faded altar of an unknown god.
  1926 | D:3      | Found a runed translucent door.
  1927 | D:3      | Noticed Crazy Yiuf
  2217 | D:3      | Found a white marble altar of Elyvilon.
  2507 | D:3      | Killed Crazy Yiuf
  2574 | D:4      | Found a transporter.
  2662 | D:4      | Upgraded the game from 0.30-a0-557-ge2afbf3030 to
                  | 0.30-a0-567-gf7fd966b4a
  2662 | D:4      | magus.rc [v1.11.3]
  2878 | D:4      | Reached skill level 5 in Transmutations
  3026 | D:4      | Found a transporter.
  3029 | D:4      | Noticed a fire bat
  3029 | D:4      | Noticed a fire bat
  3150 | D:4      | Your scales start taking on a glossy black colour.
  3150 | D:4      | Reached XP level 7. HP: 52/52 MP: 5/12
  3150 | D:4      | Gained mutation: You are resistant to electric shocks.
                  | (rElec) [Black Draconian growth]
  3152 | D:4      | Reached skill level 1 in Ice Magic
  3513 | D:4      | Noticed Edmund
  3522 | D:4      | Killed Edmund
  3523 | D:4      | Reached skill level 2 in Ice Magic
  3781 | D:5      | Entered Level 5 of the Dungeon
  3812 | D:5      | Reached skill level 4 in Spellcasting
  3978 | D:5      | Reached skill level 5 in Unarmed Combat
  3978 | D:5      | Reached skill level 6 in Transmutations
  4029 | D:5      | Found an ancient bone altar of Kikubaaqudgha.
  4088 | D:5      | Found an iron altar of Okawaru.
  4403 | D:5      | You pick up a book of the Tundra and begin reading...
  4403 | D:5      | You add the spells Hailstorm and Simulacrum to your
                  | library.
  4522 | D:5      | Reached skill level 3 in Ice Magic
  4563 | D:5      | Found a sparkling altar of Nemelex Xobeh.
  4573 | D:5      | Noticed a wyvern
  4581 | D:5      | Killed a wyvern
  4582 | D:5      | Reached XP level 8. HP: 52/59 MP: 11/14
  4739 | D:5      | You pick up a book of Winter and begin reading...
  4739 | D:5      | You add the spells Ozocubu's Armour and Metabolic
                  | Englaciation to your library.
  5014 | D:6      | You pick up a book of Minor Magic and begin reading...
  5014 | D:6      | You add the spells Magic Dart, Call Imp and Mephitic Cloud
                  | to your library.
  5121 | D:6      | Found a blossoming altar of Fedhas.
  5210 | D:6      | Reached skill level 4 in Ice Magic
  5620 | D:7      | Reached skill level 7 in Transmutations
  5886 | D:7      | Reached skill level 5 in Ice Magic
  6039 | D:7      | Reached skill level 6 in Unarmed Combat
  6039 | D:7      | Reached skill level 5 in Spellcasting
  6039 | D:7      | Reached XP level 9. HP: 64/64 MP: 12/16
  6105 | D:7      | Found a staircase to the Ecumenical Temple.
  6121 | Temple   | Entered the Ecumenical Temple
  6324 | Temple   | Became a worshipper of Ru the Awakened
  6667 | D:7      | You pick up a book of Winter and begin reading...
  7039 | D:8      | Reached skill level 8 in Transmutations
  7096 | D:8      | Found a broken altar of Ashenzari.
  7099 | D:8      | You pick up a book of Callings and begin reading...
  7099 | D:8      | You add the spells Summon Small Mammal, Call Canine
                  | Familiar and Summon Guardian Golem to your library.
  7246 | D:8      | Reached skill level 6 in Ice Magic
  7379 | D:8      | Noticed Grum
  7386 | D:8      | Killed Grum
  7533 | D:9      | Noticed a kobold demonologist
  7538 | D:9      | Noticed a red devil
  7539 | D:9      | Noticed an orange demon
  7544 | D:9      | Killed a kobold demonologist
  7553 | D:9      | Reached skill level 7 in Ice Magic
  7618 | D:9      | You pick up a book of the Spheres and begin reading...
  7618 | D:9      | You add the spells Iskenderun's Battlesphere, Fireball,
                  | Conjure Ball Lightning and Orb of Destruction to your
                  | library.
  7769 | D:9      | Reached skill level 9 in Transmutations
  7777 | D:9      | Reached XP level 10. HP: 23/69 MP: 14/18
  7778 | D:9      | HP: 14/82 [orc wizard/puff of flame (10)]
  7780 | D:9      | Killed from afar by an orc wizard

Vanquished Creatures
  A kobold demonologist (D:9)
  Sigmund (D:2)
  A yak (D:9)
  A wyvern (D:5)
  Grum (D:8)
  Edmund (D:4)
  2 orc warriors (D:8)
  2 water moccasins (D:7)
  An ice beast (D:5)
  A black bear (D:7)
  3 wolves (D:8)
  A centaur (D:6)
  2 phantoms
  4 kobold brigands (D:9)
  3 bullfrogs
  3 scorpions
  4 wights
  6 howler monkeys
  A hound (D:7)
  Crazy Yiuf (D:3)
  Jessica (D:2)
  A gnoll bouda (D:4)
  3 iguanas
  14 orc wizards
  9 gnolls
  4 adders
  2 white imps
  An ufetubus (D:7)
  3 worms (D:2)
  2 dart slugs
  20 orcs
  4 bats
  14 endoplasms
  3 giant cockroaches
  5 hobgoblins
  5 jackals (D:1)
  3 quokkas
  12 ball pythons
  4 frilled lizards
  4 goblins
  6 kobolds
  6 rats
166 creatures vanquished.

Vanquished Creatures (others)
  2 fungi (D:5)
  3 toadstools (D:5)
5 creatures vanquished.

Grand Total: 171 creatures vanquished

Table legend:
 A = Non-vault XP
 B = Vault XP
 C = Vault XP percentage of total XP
 D = Non-vault monster count
 E = Vault monster count
 F = Vault count percentage of total count
                 A         B        C        D         E       F
            +---------+---------+-------+---------+---------+-------
      Total |    4513 |    1050 |  18.9 |     151 |      15 |   9.0
            +---------+---------+-------+---------+---------+-------
        D:1 |      52 |       0 |   0.0 |      30 |       0 |   0.0
        D:2 |      24 |     291 |  92.4 |      11 |       4 |  26.7
        D:3 |      60 |      50 |  45.5 |      13 |       5 |  27.8
        D:4 |     358 |     168 |  31.9 |      22 |       2 |   8.3
        D:5 |     575 |       0 |   0.0 |      12 |       0 |   0.0
        D:6 |     499 |       0 |   0.0 |      15 |       0 |   0.0
        D:7 |    1094 |       0 |   0.0 |      23 |       0 |   0.0
        D:8 |     648 |     541 |  45.5 |      11 |       4 |  26.7
        D:9 |    1203 |       0 |   0.0 |      14 |       0 |   0.0
            +---------+---------+-------+---------+---------+-------

Illustrated notes

Table legend:
 A = Kills in this place as a percentage of kills in entire the game.
 B = Kills by you in this place as a percentage of kills by you in the entire game.
 C = Kills by friends in this place as a percentage of kills by friends in the entire game.
 D = Other kills in this place as a percentage of other kills in the entire game.
 E = Experience gained in this place as a percentage of experience gained in the entire game.
 F = Experience gained in this place divided by the number of levels of this place that you have seen.
                   A       B       C       D       E      F
               +-------+-------+-------+-------+-------+----------------------
         Total | 100.0 | 100.0 |   N/A |   N/A | 100.0 | 556.3
       Dungeon | 100.0 | 100.0 |   N/A |   N/A | 100.0 | 618.1
               +-------+-------+-------+-------+-------+----------------------

Table legend: (Time is in decaauts)
 A = Elapsed time spent in this place.
 B = Non-inter-level travel time spent in this place.
 C = Inter-level travel time spent in this place.
 D = Time resting spent in this place.
 E = Time spent auto-exploring this place.
 F = Levels seen in this place.
 G = Mean time per level.
                   A        B        C        D        E       F      G
               +--------+--------+--------+--------+--------+-----+--------+
         Total |   7744 |   7408 |    336 |    166 |   5903 |  10 |  774.4 |
       Dungeon |   7517 |   7204 |    313 |    166 |   5721 |   9 |  835.2 |
        Temple |    226 |    203 |     23 |      0 |    182 |   1 |  226.0 |
               +--------+--------+--------+--------+--------+-----+--------+

Top non-repeatable levels by time:
     D:4: 1217 daAuts
     D:5: 1193 daAuts
     D:7: 1162 daAuts
     D:3: 908 daAuts
     D:1: 851 daAuts
     D:2: 788 daAuts
     D:6: 599 daAuts
     D:8: 519 daAuts
     D:9: 277 daAuts
  Temple: 226 daAuts
